 Dungeon Sprint DCSS version 0.29-a0-789-g7a8fcbc185 (webtiles) character file.

Game seed: 14949456025096369239

1906 Hipnos the Imperceptible (level 8, -8/37 HPs)
             Began as a Spriggan Enchanter on July 3, 2022.
             Shot with a bolt by a yaktaur (16 damage)
             ... in the Dungeon (Sprint II: "The Violet Keep of Menkaure").
             The game lasted 00:05:35 (627 turns).

Hipnos the Imperceptible (Spriggan Enchanter)        Turns: 627, Time: 00:05:37

Health: -8/37      AC:  7    Str:  8    XL:     8   Next: 94%
Magic:  10/22      EV: 19    Int: 19    God:
Gold:   84         SH:  0    Dex: 15    Spells: 14/25 levels left

rFire   . . .      SeeInvis +   a - +1 dagger
rCold   . . .      Faith    .   (no shield)
rNeg    . . .      Spirit   .   j - +2 steam dragon scales of the Crypt {rElec rPois Str+4 SInv}
rPois   +          Reflect  .   (helmet restricted)
rElec   +          Harm     .   (no cloak)
rCorr   .          Rampage  .   (gloves unavailable)
Will    +....      NoTele   +   (boots unavailable)
Stlth   ++++++++..              (no amulet)
HPRegen 0.12/turn               (no ring)
MPRegen 0.18/turn               (no ring)

@: very quick
A: very small, no large weapons, unfitting armour, see invisible, speed 3
a: no special abilities


You were in the Dungeon.
You visited 1 branch You collected 972 gold pieces.
You spent 888 gold pieces at shops.

Inventory:

Hand Weapons
 a - a +1 dagger (weapon)
Armour
 b - a +0 robe
 j - the +2 steam dragon scales of the Crypt (worn) {rElec rPois Str+4 SInv}
   (You bought it in a shop in the Dungeon)

   Str:       It affects your strength (+4).
   rElec:     It insulates you from electricity.
   rPois:     It protects you from poison.
   SInv:      It lets you see invisible.
Scrolls
 i - a scroll of blinking
Potions
 c - 2 potions of invisibility
 d - a potion of curing
 f - a potion of haste
 g - 2 potions of magic
 h - a potion of berserk rage
 k - 2 potions of attraction {unknown}


   Skills:
 + Level 1.5 Fighting
 * Level 8.7 Short Blades
 + Level 5.4 Dodging
 * Level 21.1 Stealth
 + Level 9.0 Spellcasting
 + Level 10.9 Hexes
 + Level 1.1 Ice Magic


You had 14 spell levels left.
You knew the following spells:

 Your Spells              Type           Power      Damage    Failure   Level
a - Confusing Touch       Hex            50%        N/A       1%          3
b - Tukima's Dance        Hex            50%        N/A       1%          3
c - Ensorcelled Hibernat  Hex/Ice        62%        N/A       1%          2
d - Dazzling Flash        Conj/Hex       58%        N/A       2%          3

Your spell library contained the following spells:

 Spells                   Type           Power      Damage    Failure   Level


Dungeon Overview and Level Annotations

Branches:
Dungeon (1/1)

Altars:
Cheibriados
Dithmenos
Elyvilon
Fedhas
Gozag
Hepliaklqana
Kikubaaqudgha
Makhleb
Qazlal
Ru
Sif Muna
Trog
Wu Jian
Xom
Jiyva
Lugonu

Shops:
D =*:[!?[!:[=[?(?

Annotations:
D exclusions: obsidian statue and oklob plant


Innate Abilities, Weirdness & Mutations

You are very small and have problems with some larger weapons.
You are too small for most types of armour.
You have supernaturally acute eyesight. (SInv)
You cover ground extremely quickly. (Speed+++)


Message History

The polar bear appears confused.
You hit the polar bear but do no damage.
The polar bear misses something.
The polar bear claws something but does no damage.
The polar bear claws something.
You hear an angry buzzing noise.
You catch the helpless polar bear completely off-guard!
You stick the polar bear like a pincushion!!!
The polar bear is almost dead.
The polar bear misses you. x3
You completely miss the polar bear.
The polar bear is almost dead.
You strike the helpless polar bear from behind!
You stick the polar bear like a pincushion!!!
You kill the polar bear!
Okay, then.
Casting: Confusing Touch (safe; 1% risk of failure)
Confirm with . or Enter, or press ? or * to list all spells.
Okay, then.
Casting: Confusing Touch (safe; 1% risk of failure)
Confirm with . or Enter, or press ? or * to list all spells.
Aiming: Ensorcelled Hibernation (safe; 1% risk of failure)
Press: ? - help, Shift-Dir - straight line, f - hornet
Aim: a hornet (lightly wounded, chance to affect: 50%)
The hornet looks drowsy...
The helpless hornet fails to defend itself.
You stick the hornet like a pincushion!!!!!
You kill the hornet!
Your Stealth skill increases to level 21!
Your Spellcasting skill increases to level 9!
Unknown command.
Casting: Ensorcelled Hibernation (safe; 1% risk of failure)
Confirm with . or Enter, or press ? or * to list all spells.
Aiming: Ensorcelled Hibernation (safe; 1% risk of failure)
Press: ? - help, Shift-Dir - straight line, f - yaktaur
Aim: a yaktaur (chance to affect: 43%)
The yaktaur resists with some effort.
The yaktaur wields a +2 vorpal arbalest.
The yaktaur shoots a bolt.
The bolt hits you!
You die...

..... +##.. ..##.###
+.### #..# ...# ...# ##
#.####..## #..# $#
'###.##..# +..# c#
.##...#..# #..# .#
<÷'.##+..####..##†# )
÷##...#....###.^@##▓▓▓▓
'###.##..§.§.≈≈≈≈≈≈≈≈≈≈≈
..####≈≈§.§§.≈#+########
#).#§≈≈§≈≈≈..≈#.._.....#
..##≈§≈§≈≈§§.≈#._._....#
+##≈§≈§≈≈§§≈≈≈#_._._...#
≈≈≈≈≈≈≈≈≈≈≈§§≈#._._._..#
#+++#§§≈≈≈≈§≈§#_._._._.#
§≈≈ ##≈≈§###≈≈#._._._._


You could see a yaktaur.

Vanquished Creatures
  A merfolk siren (D)
  3 polar bears (D)
  A hornet (D)
  A blink frog (D)
  Menkaure (D)
  4 necrophages (D)
  4 scorpions (D)
  3 worms (D)
18 creatures vanquished.

Vanquished Creatures (others)
  A water moccasin (D)
1 creature vanquished.

Grand Total: 19 creatures vanquished

Notes
Turn   | Place    | Note
-------+----------+-------------------------------------------
     0 | D        | Hipnos the Spriggan Enchanter began the quest for the Orb.
     0 | D        | Reached XP level 1. HP: 9/9 MP: 5/5
     1 | D        | Noticed a scorpion
     1 | D        | Noticed a scorpion
     3 | D        | Noticed a scorpion
     3 | D        | Noticed a scorpion
     4 | D        | Killed a scorpion
     5 | D        | Reached skill level 8 in Stealth
     5 | D        | Reached skill level 5 in Hexes
     5 | D        | Reached XP level 2. HP: 13/13 MP: 5/7
     5 | D        | Reached XP level 3. HP: 16/16 MP: 6/9
     5 | D        | Killed a scorpion
     6 | D        | Reached skill level 10 in Stealth
     6 | D        | Reached XP level 4. HP: 21/21 MP: 7/11
     7 | D        | Killed a scorpion
     8 | D        | Reached skill level 12 in Stealth
     8 | D        | Reached XP level 5. HP: 24/24 MP: 8/13
    11 | D        | Reached skill level 5 in Short Blades
    11 | D        | Reached skill level 13 in Stealth
    11 | D        | Reached skill level 5 in Spellcasting
    51 | D        | Learned a level 3 spell: Confusing Touch
    55 | D        | Learned a level 3 spell: Tukima's Dance
    58 | D        | Learned a level 2 spell: Ensorcelled Hibernation
    62 | D        | Learned a level 3 spell: Dazzling Flash
    74 | D        | Reached XP level 6. HP: 29/29 MP: 12/15
    86 | D        | Reached skill level 14 in Stealth
    93 | D        | Killed a water moccasin
    96 | D        | Reached skill level 15 in Stealth
   149 | D        | Reached skill level 5 in Dodging
   340 | D        | Noticed a merfolk siren
   357 | D        | Killed a merfolk siren
   358 | D        | Reached skill level 1 in Fighting
   358 | D        | Reached skill level 18 in Stealth
   358 | D        | Reached XP level 7. HP: 18/33 MP: 7/18
   501 | D        | Found Lusyrerch's Armour Emporium.
   501 | D        | Found Couquorch's Antique Armour Emporium.
   501 | D        | Found Yfev's Distillery.
   501 | D        | Found Huateitto's Book Shoppe.
   501 | D        | Found Oneirchag's Magic Scroll Emporium.
   501 | D        | Found Atuabaj's Jewellery Shoppe.
   501 | D        | Found Wuilast's Magic Scroll Shoppe.
   501 | D        | Found Zoytso's Antique Weapon Shoppe.
   502 | D        | Found Ixtabb's Armour Shoppe.
   502 | D        | Found Vufelut's Magic Scroll Emporium.
   504 | D        | Noticed Menkaure
   504 | D        | Noticed an unseen horror
   510 | D        | Killed Menkaure
   516 | D        | Found Eqeptum's Distillery.
   516 | D        | Found Tirch's Antique Armour Shoppe.
   516 | D        | Noticed an unseen horror
   516 | D        | Noticed an oklob plant
   517 | D        | Found Jat Leuxt's General Store.
   517 | D        | Found Loon's Book Shoppe.
   517 | D        | Found Quggiola's Jewellery Emporium.
   522 | D        | Noticed a wyvern
   524 | D        | Bought the +2 steam dragon scales of the Crypt {rElec rPois
                  | Str+4 SInv} for 888 gold pieces
   524 | D        | Noticed a wyvern
   551 | D        | Noticed a blink frog
   553 | D        | Killed a blink frog
   554 | D        | Reached skill level 19 in Stealth
   554 | D        | Reached skill level 10 in Hexes
   554 | D        | Reached XP level 8. HP: 37/37 MP: 18/20
   567 | D        | Noticed a flying skull
   584 | D        | Noticed an obsidian statue
   593 | D        | Found a stormy altar of Qazlal.
   593 | D        | Found an ornate altar of the Wu Jian Council.
   594 | D        | Found a hazy altar of Hepliaklqana.
   594 | D        | Found a sacrificial altar of Ru.
   595 | D        | Found a viscous altar of Jiyva.
   595 | D        | Found a shimmering blue altar of Sif Muna.
   595 | D        | Found a shimmering altar of Xom.
   596 | D        | Found a snail-covered altar of Cheibriados.
   596 | D        | Found an ancient bone altar of Kikubaaqudgha.
   596 | D        | Found a bloodstained altar of Trog.
   597 | D        | Found a shadowy altar of Dithmenos.
   597 | D        | Found a corrupted altar of Lugonu.
   598 | D        | Found a white marble altar of Elyvilon.
   598 | D        | Found a burning altar of Makhleb.
   599 | D        | Found a blossoming altar of Fedhas.
   600 | D        | Found an opulent altar of Gozag.
   600 | D        | Noticed a polar bear
   601 | D        | Noticed a yaktaur
   601 | D        | Noticed a hornet
   601 | D        | Noticed a polar bear
   607 | D        | Killed a polar bear
   608 | D        | Noticed a polar bear
   616 | D        | Killed a polar bear
   617 | D        | Reached skill level 20 in Stealth
   617 | D        | Reached skill level 1 in Ice Magic
   624 | D        | Killed a polar bear
   626 | D        | Killed a hornet
   627 | D        | Reached skill level 21 in Stealth
   627 | D        | Shot with a bolt by a yaktaur

Illustrated notes

Levels and vault maps discovered:
D:        the_violet_keep_of_menkaure [sprint2_stairs_cluster_1,
          sprint2_shoproom, sprint2_temple, sprint2_basic_supplies,
          sprint2_obstacle_3, sprint2_obstacle_5, sprint2_obstacle_1,
          sprint2_obstacle_7, sprint2_obstacle_2, sprint2_timed_cluster_1,
          sprint2_smallroom_cluster_1, sprint2_smallroom_final_cluster_1,
          sprint2_transparent_cluster_1, sprint2_second_timed_cluster_1,
          sprint2_sniper_area_1, sprint2_heavy_combat_area_1,
          sprint2_mutation_trap_area_1, sprint2_forest_area_1,
          sprint2_light_combat_area_1, sprint2_behind_water_1,
          sprint2_near_end_vault_1]

Skill      XL: |  1  2  3  4  5  6  7  8 |
---------------+-------------------------+-----
Short Blades   | 3 4 5 7 8 |  8.7
Dodging        | 3 4 5 |  5.4
Stealth        | 8 10 12 13 18 19 21 | 21.1
Spellcasting   | 3 4 5 7 9 |  9.0
Hexes          | 5 6 7 8 9 10 | 10.9
Fighting       | 1 |  1.5
Ice Magic      | 1 |  1.1

Action                   |  1- 3 |  4- 6 |  7- 9 || total
-------------------------+-------+-------+-------++-------
Melee: Dagger            |     2 |    43 |    24 ||    69
 Cast: Confusing Touch   |       |     8 |     4 ||    12
       Ensorcelled Hiber |       |     4 |     2 ||     6
  Use: Potion            |       |       |     1 ||     1
 Stab: Sleeping          |     2 |     7 |     2 ||    11
       Confused          |       |     8 |     6 ||    14
Armor: Steam dragon scal |       |       |     5 ||     5
Dodge: Dodged            |       |    14 |    14 ||    28

Table legend: (Time is in decaauts)
 A = Elapsed time spent in this place.
 B = Non-inter-level travel time spent in this place.
 C = Inter-level travel time spent in this place.
 D = Time resting spent in this place.
 E = Time spent auto-exploring this place.
 F = Levels seen in this place.
 G = Mean time per level.
                   A        B        C        D        E       F      G
               +--------+--------+--------+--------+--------+-----+--------+
         Total |    576 |    576 |      0 |    349 |      0 |   1 |  576.0 |
       Dungeon |    576 |    576 |      0 |    349 |      0 |   1 |  576.0 |
               +--------+--------+--------+--------+--------+-----+--------+

Top non-repeatable levels by time:
       D: 576 daAuts
